[Event "Titled Tuesday Blitz May 16 Late 2023"]
[White "Potapova, Margarita"]
[Black "Chen, Ryo"]
[WhiteFideId "14126869"]
[BlackFideId "7003072"]
[WhiteElo "2244"]
[BlackElo "2169"]
[Result "1-0"]
[Round "06"]
[TimeControl "180+2"]
[Date "2023.05.16"]
[WhiteClock "0:00:21"]
[BlackClock "0:00:07"]

1. e4 c5 2. Nf3 d6 3. d4 cxd4 4. Qxd4 Nf6 5. Nc3 Nc6 6. Bb5 Bd7 7. Bxc6 Bxc6 8. Bg5 e6 9. O-O-O Be7 10. Rhe1 O-O 11. Kb1 Qa5 12. Bc1 b5 13. Nd2 b4 14. Ne2 d5 15. Nb3 Qb5 16. e5 Nd7 17. Qg4 Nxe5 18. Qg3 Ng6 19. Ned4 Qb6 20. Be3 Bd7 21. Nf5 Qd8 22. Nxe7+ Nxe7 23. Bc5 a5 24. Nd4 Re8 25. h4 Rc8 26. Bd6 Nc6 27. h5 Nxd4 28. Rxd4 f6 29. Rg4 g5 30. Be5 h6 31. f4 fxe5 32. fxg5 Kh8 33. Qxe5+ Kh7 34. Rf1 Rf8 35. Rf7+ Rxf7 36. g6+ Kg8 37. gxf7+ Kxf7 38. Qg7+ Ke8 39. Qh7 1-0


[Site "https://www.chess.com"]

[Event "Titled Tuesday Blitz May 16 Late 2023"]
[White "Erzhanov, Arman"]
[Black "Bitoon, Richard"]
[WhiteFideId "4138821"]
[BlackFideId "5201110"]
[WhiteElo "2138"]
[BlackElo "2374"]
[Result "1/2-1/2"]
[Round "06"]
[TimeControl "180+2"]
[Date "2023.05.16"]
[WhiteClock "0:00:27"]
[BlackClock "0:00:00"]

1. e4 e5 2. Nf3 Nc6 3. Bb5 a6 4. Bxc6 dxc6 5. O-O Bg4 6. d3 Qf6 7. h3 h5 8. Be3 Bxf3 9. Qxf3 Qxf3 10. gxf3 Bd6 11. Nd2 Ne7 12. Rfb1 Ng6 13. b4 f6 14. Kf1 Nf8 15. a4 Ne6 16. Nc4 Kf7 17. Ke2 Be7 18. Na5 Rhb8 19. c3 g6 20. Rb2 f5 21. Rg1 Bf6 22. Rbb1 Nd8 23. Rgd1 b6 24. Nc4 Ne6 25. a5 b5 26. Na3 Bg5 27. Nc2 Bxe3 28. fxe3 f4 29. d4 fxe3 30. Nxe3 exd4 31. cxd4 Nf4+ 32. Kf2 Rd8 33. Rbc1 Rd6 34. h4 Rad8 35. Nc2 R6d7 36. Rd2 Kf6 37. Ke3 Ne6 38. Rcd1 g5 39. hxg5+ Nxg5 40. Ne1 Re8 41. Ng2 Nf7 42. Nf4 Rh8 43. Rh1 h4 44. Rdh2 Rhd8 45. Ne2 Rh8 46. Rxh4 Rxh4 47. Rxh4 Kg7 48. Ng3 Nd6 49. Rg4+ Kf7 50. Kd3 Nc4 51. Nf5 Ne5+ 52. Ke3 Nxg4+ 53. fxg4 Kf6 54. Kd3 Kg5 55. Ne3 Kf4 56. e5 Rd8 57. Nf5 Kxg4 58. Ne7 Rh8 59. Nxc6 Kf5 60. e6 Rh3+ 61. Kc2 Kxe6 62. Nb8 Kd5 63. Nxa6 c6 64. Kb2 Kxd4 65. Nc5 Kc4 66. a6 Kxb4 67. a7 Rh8 68. Na6+ Ka5 69. Nb8 Rh2+ 70. Kb1 Rh1+ 71. Kc2 Rh2+ 72. Kd3 Kb6 73. a8=Q Rh6 74. Nxc6 Rxc6 75. Qb8+ Kc5 76. Qd8 Rd6+ 77. Qxd6+ Kxd6 78. Kc3 Kc5 79. Kb3 Kc6 80. Kb4 Kb6 81. Kb3 Ka5 82. Ka3 b4+ 83. Kb3 Kb5 84. Kb2 Kc4 85. Kc2 Kd4 86. Kb3 Kc5 87. Kb2 Kb6 88. Kb3 Ka5 89. Kb2 Kb5 90. Kb3 Ka5 91. Kb2 Ka4 92. Ka2 b3+ 93. Kb2 Kb5 94. Kb1 Kc4 95. Kb2 Kb4 96. Kb1 Ka3 97. Ka1 Ka4 98. Kb2 Kb4 99. Kb1 Kc3 100. Kc1 Kd3 101. Kb2 Kc4 102. Kb1 Kc5 103. Kb2 Kc4 104. Kb1 Kc3 105. Kc1 1/2-1/2


[Site "https://www.chess.com"]

[Event "Titled Tuesday Blitz May 16 Late 2023"]
[White "Vakhlamov, Igor L."]
[Black "Perske, Thore"]
[WhiteFideId "24126748"]
[BlackFideId "12902195"]
[WhiteElo "2407"]
[BlackElo "2336"]
[Result "1/2-1/2"]
[Round "06"]
[TimeControl "180+2"]
[Date "2023.05.16"]
[WhiteClock "0:00:15"]
[BlackClock "0:00:08"]

1. e4 e6 2. d4 d5 3. Nc3 Bb4 4. exd5 exd5 5. Bd3 Nc6 6. Nf3 Bg4 7. O-O Nge7 8. h3 Bh5 9. a3 Bd6 10. Re1 a6 11. Nxd5 O-O 12. Nxe7+ Bxe7 13. c3 Bd6 14. Be4 Rb8 15. Bxh7+ Kxh7 16. Ng5+ Qxg5 17. Bxg5 Bxd1 18. Raxd1 Rfe8 19. Be3 Na5 20. Kf1 Nc4 21. Bc1 b5 22. Re2 Rxe2 23. Kxe2 Re8+ 24. Kd3 Na5 25. g3 Kg6 26. Be3 Kf5 27. g4+ Ke6 28. h4 Kd5 29. h5 Nc4 30. Bc1 a5 31. Rh1 Rh8 32. g5 a4 33. h6 Bf8 34. Rh5 Ke6 35. Kc2 c6 36. Rh1 Kf5 37. f3 Kg6 38. Rg1 Nd6 39. b3 axb3+ 40. Kxb3 Nc4 41. a4 Bd6 42. axb5 cxb5 43. Rh1 f6 44. hxg7 Kxg7 45. gxf6+ Kg8 46. Rxh8+ Kxh8 47. Bh6 Kg8 48. Kc2 Kf7 49. Bg7 Nb6 50. Kd3 Nc4 51. Ke4 Nb6 52. f4 Ba3 53. f5 Bb2 54. Kd3 Ba3 55. Ke4 Bd6 56. Kd3 Bc7 57. Ke4 Bd8 58. Ke5 Bc7+ 59. Ke4 Bd6 60. Kd3 Nd5 61. c4 bxc4+ 62. Kxc4 Nf4 63. Kb5 Nh5 64. Kc6 Bf4 65. d5 Ng3 66. d6 Bxd6 67. Kxd6 Nxf5+ 68. Ke5 Nxg7 69. fxg7 Kxg7 1/2-1/2


[Site "https://www.chess.com"]

[Event "Titled Tuesday Blitz May 16 Late 2023"]
[White "Rastbod, Ali"]
[Black "Guerra Tulcan, Lenin"]
[WhiteFideId "12567477"]
[BlackFideId "3601382"]
[WhiteElo "2274"]
[BlackElo "2368"]
[Result "1-0"]
[Round "06"]
[TimeControl "180+2"]
[Date "2023.05.16"]
[WhiteClock "0:00:07"]
[BlackClock "0:00:08"]

1. c4 e5 2. g3 Bc5 3. Bg2 a6 4. e3 Ba7 5. Ne2 Nf6 6. d4 exd4 7. exd4 O-O 8. Nbc3 d6 9. h3 Nbd7 10. O-O Re8 11. b3 Nf8 12. Re1 Rb8 13. a4 Bf5 14. g4 Bg6 15. Be3 Qd7 16. Qd2 h5 17. f3 Ne6 18. Ng3 Re7 19. g5 Nh7 20. h4 Rbe8 21. Bf2 c6 22. f4 Nef8 23. Rxe7 Rxe7 24. a5 Qg4 25. Re1 Rxe1+ 26. Bxe1 Ne6 27. Nce2 Nhf8 28. Kh2 f5 29. Bh3 Qf3 30. Qc3 Qxc3 31. Bxc3 c5 32. d5 Nd4 33. Bxd4 cxd4 34. Nc1 Nd7 35. Nxf5 Bxf5 36. Bxf5 Nc5 37. b4 Na4 38. Kg2 Kf7 39. Kf3 g6 40. Be6+ Ke7 41. Bc8 Nb2 42. Bxb7 Nxc4 43. Bxa6 Na3 44. Nd3 Nc2 45. b5 Kd7 46. b6 Bb8 47. Bb5+ Ke7 48. a6 Na3 49. Bc6 1-0


[Site "https://www.chess.com"]

[Event "Titled Tuesday Blitz May 16 Late 2023"]
[White "Tsvetkov, Andrey"]
[Black "Taboas Rodriguez, Daniel"]
[WhiteFideId "34139360"]
[BlackFideId "2208466"]
[WhiteElo "2296"]
[BlackElo "2365"]
[Result "0-1"]
[Round "06"]
[TimeControl "180+2"]
[Date "2023.05.16"]
[WhiteClock "0:00:02"]
[BlackClock "0:00:12"]

1. d4 Nf6 2. c4 g6 3. Nc3 Bg7 4. e4 O-O 5. Be2 d6 6. Nf3 e5 7. Be3 Ng4 8. Bg5 f6 9. Bh4 Nc6 10. c5 exd4 11. Nxd4 Nxd4 12. Qxd4 dxc5 13. Qxc5 c6 14. Rd1 Qb6 15. Qxb6 axb6 16. h3 Nh6 17. Bc4+ Kh8 18. O-O b5 19. Bb3 f5 20. Rfe1 fxe4 21. Nxe4 Nf5 22. Bg5 Nd4 23. Be7 Rf4 24. Nd6 Nxb3 25. axb3 Kg8 26. Bg5 Rf8 27. Be7 Rf4 28. g3 Rd4 29. Rxd4 Bxd4 30. Bg5 Bxh3 31. Nxb7 Bxb2 32. Nd8 Bd7 33. Kg2 h6 34. Be7 Bd4 35. Nb7 Ra2 36. Nc5 Rxf2+ 37. Kh1 Bg4 38. Nd3 Bf3+ 39. Kg1 Rg2+ 40. Kh1 Rd2# 0-1


[Site "https://www.chess.com"]

[Event "Titled Tuesday Blitz May 16 Late 2023"]
[White "Guz, Ari"]
[Black "Manelyuk, Daniil"]
[WhiteFideId "2825759"]
[BlackFideId "44173920"]
[WhiteElo "2205"]
[BlackElo "2259"]
[Result "1-0"]
[Round "06"]
[TimeControl "180+2"]
[Date "2023.05.16"]
[WhiteClock "0:00:02"]
[BlackClock "0:00:00"]

1. a3 Nf6 2. b4 a5 3. b5 e6 4. Bb2 Be7 5. Nf3 O-O 6. g4 d5 7. g5 Ne8 8. h4 c5 9. d3 Nd7 10. Nbd2 a4 11. e4 Qa5 12. exd5 exd5 13. c4 d4 14. Bg2 Nd6 15. O-O Nf5 16. Ne4 Re8 17. Re1 Qd8 18. Bc1 Nf8 19. h5 Ne6 20. g6 hxg6 21. hxg6 fxg6 22. Ne5 Nh4 23. Bh1 Rb8 24. Ng3 Bf6 25. Bd5 Kh7 26. Nxg6 Nxg6 27. Qh5+ Kg8 28. Qxg6 Kf8 29. Nh5 Qe7 30. Bh6 Qf7 31. Qxf7+ Kxf7 32. Nxf6 Kxf6 33. Bf4 Ra8 34. Be5+ Kg5 35. f4+ Kg6 36. Kf2 Bd7 37. Rg1+ Kh7 38. f5 Ng5 39. Bf4 Nh3+ 40. Kf3 Bxf5 41. Rh1 g5 42. Bxg5 Kg6 43. Bf4 Kh5 44. Rag1 Kh4 45. Bg5+ Kh5 46. Bd2 Rf8 47. Rg5+ Kh4 48. Rg3 Bxd3+ 49. Kg2 1-0


[Site "https://www.chess.com"]

[Event "Titled Tuesday Blitz May 16 Late 2023"]
[White "Schekachikhin, Maksim"]
[Black "Kokoszczynski, Jan"]
[WhiteFideId "24177830"]
[BlackFideId "1174460"]
[WhiteElo "2272"]
[BlackElo "2139"]
[Result "0-1"]
[Round "06"]
[TimeControl "180+2"]
[Date "2023.05.16"]
[WhiteClock "0:01:13"]
[BlackClock "0:00:12"]

1. d4 d5 2. c4 e6 3. Nc3 a6 4. cxd5 exd5 5. Nf3 c6 6. Bf4 Bd6 7. Bxd6 Qxd6 8. e3 Nf6 9. Bd3 O-O 10. O-O Bg4 11. h3 Bh5 12. Qc2 Bg6 13. Bxg6 hxg6 14. Rab1 Nbd7 15. b4 b5 16. a4 Nb6 17. a5 Nc4 18. e4 dxe4 19. Nxe4 Nxe4 20. Qxe4 Rfe8 21. Qd3 Qd5 22. Qc3 Re6 23. Nd2 Nxd2 24. Qxd2 Re4 25. Rfd1 Rd8 26. Qc3 Rd6 27. Rd2 Rxd4 28. Rxd4 Qxd4 29. Rc1 Qxc3 30. Rxc3 Kf8 31. Kf1 Ke7 32. Ke2 Kd7 33. Ke3 Rd5 34. h4 Kd6 35. g4 g5 36. hxg5 Rxg5 37. Kf4 Rd5 38. Ke4 g6 39. f4 f5+ 40. gxf5 gxf5+ 41. Ke3 c5 42. bxc5+ Rxc5 43. Rd3+ Kc6 44. Rd8 b4 45. Rb8 Rb5 46. Ra8 Kb7 47. Rf8 b3 0-1


[Site "https://www.chess.com"]

[Event "Titled Tuesday Blitz May 16 Late 2023"]
[White "Domingo Nunez, Ruben"]
[Black "Sanchez Enriquez, Oscar Gerardo"]
[WhiteFideId "22245570"]
[BlackFideId "5106311"]
[WhiteElo "2404"]
[BlackElo "2387"]
[Result "1-0"]
[Round "06"]
[TimeControl "180+2"]
[Date "2023.05.16"]
[WhiteClock "0:00:05"]
[BlackClock "0:00:00"]

1. c4 b6 2. b3 Bb7 3. Bb2 e6 4. Nf3 Nf6 5. g3 Be7 6. Bg2 O-O 7. O-O a5 8. Nc3 d5 9. e3 Nbd7 10. Qe2 c5 11. Nb5 a4 12. d3 Bc6 13. Nc3 Qc7 14. Rfd1 Qb7 15. bxa4 d4 16. exd4 cxd4 17. Nb5 e5 18. Ne1 Bxg2 19. Nxg2 Rfe8 20. Ba3 Bxa3 21. Nxa3 Rxa4 22. Nb5 Qc6 23. Re1 h6 24. Nh4 e4 25. Nxd4 Qa8 26. dxe4 Rxe4 27. Qd2 Rxc4 28. Ndf5 Ne5 29. Nxg7 Rxe1+ 30. Rxe1 Re4 31. Ngf5 Rxe1+ 32. Qxe1 Qd5 33. Ne7+ 1-0


[Site "https://www.chess.com"]

[Event "Titled Tuesday Blitz May 16 Late 2023"]
[White "Amburgy, Ryan"]
[Black "Safin, Robert"]
[WhiteFideId "30924820"]
[BlackFideId "34189120"]
[WhiteElo "2134"]
[BlackElo "2295"]
[Result "0-1"]
[Round "06"]
[TimeControl "180+2"]
[Date "2023.05.16"]
[WhiteClock "0:00:31"]
[BlackClock "0:00:57"]

1. d4 Nf6 2. c4 e6 3. Nf3 d5 4. Nc3 c5 5. cxd5 cxd4 6. Qa4+ Bd7 7. Qxd4 exd5 8. Nxd5 Qa5+ 9. Nc3 Nc6 10. Qe3+ Be7 11. Bd2 O-O 12. g3 Rfe8 13. Qg5 Qb6 14. Qb5 Qc7 15. Qb3 Bg4 16. Bg2 Bxf3 17. Nb5 Qe5 18. Bxf3 a6 19. Na3 Nd4 20. Qd3 Bxa3 21. bxa3 Nxf3+ 0-1


[Site "https://www.chess.com"]

[Event "Titled Tuesday Blitz May 16 Late 2023"]
[White "benny_aizenberg"]
[Black "Karas, Marek"]
[BlackFideId "14928558"]
[WhiteElo "2673"]
[BlackElo "2233"]
[Result "1-0"]
[Round "06"]
[TimeControl "180+2"]
[Date "2023.05.16"]
[WhiteClock "0:00:35"]
[BlackClock "0:00:00"]

1. f4 d5 2. Nf3 Bg4 3. d4 Bxf3 4. exf3 Nf6 5. Be3 g6 6. Qd2 Bg7 7. Nc3 O-O 8. O-O-O e6 9. g4 c5 10. dxc5 Nc6 11. Nb5 Nd7 12. f5 b6 13. cxb6 Nxb6 14. Bh6 Rb8 15. Bxg7 Kxg7 16. Qc3+ Qf6 17. Qxc6 Rfc8 18. Qd6 Na4 19. Qa3 Qg5+ 20. Kb1 Nc5 21. fxe6 Nxe6 22. Qxa7 Qf4 23. Be2 Ra8 24. Qf2 Qa4 25. Na3 Qb4 26. Rd3 Rab8 27. Rb3 Qd6 28. Rd1 Nc5 29. Rxb8 Rxb8 30. Qd4+ Kg8 31. Nc4 Qe7 32. Ne5 Qb7 33. b3 Ne6 34. Qxd5 Qc7 35. Nd7 Rd8 36. Bb5 1-0


[Site "https://www.chess.com"]

[Event "Titled Tuesday Blitz May 16 Late 2023"]
[White "Mendez Fortes, Eduardo Jesus"]
[Black "WindWhistler11"]
[WhiteFideId "3502376"]
[WhiteElo "2307"]
[BlackElo "2517"]
[Result "0-1"]
[Round "06"]
[TimeControl "180+2"]
[Date "2023.05.16"]
[WhiteClock "0:01:25"]
[BlackClock "0:00:25"]

1. e4 e6 2. d4 d5 3. Nd2 Nc6 4. Ngf3 Nf6 5. e5 Nd7 6. Nb3 a5 7. a4 f6 8. exf6 Qxf6 9. Bb5 Na7 10. Bd3 b6 11. O-O Bd6 12. Bg5 Qf7 13. Bh4 h6 14. Bg3 O-O 15. Re1 Bxg3 16. hxg3 c5 17. dxc5 bxc5 18. c4 Nc6 19. Rc1 d4 20. Nbd2 Rb8 21. b3 e5 22. Ne4 Qe7 23. Nh2 Nb4 24. Bb1 Nf6 25. Nd2 Bb7 26. Nhf3 Ng4 27. Ne4 Qf7 28. Nd6 Qh5 29. Nxb7 Rxb7 30. Be4 Rbf7 31. Qd2 d3 32. Re3 Rxf3 33. Rxd3 Qh2+ 34. Kf1 Qh1+ 35. Ke2 Rxf2# 0-1


[Site "https://www.chess.com"]

[Event "Titled Tuesday Blitz May 16 Late 2023"]
[White "Popilski, Gil"]
[Black "ArtemDyachuk"]
[WhiteFideId "2809060"]
[WhiteElo "2537"]
[BlackElo "2510"]
[Result "0-1"]
[Round "06"]
[TimeControl "180+2"]
[Date "2023.05.16"]
[WhiteClock "0:00:03"]
[BlackClock "0:00:03"]

1. d4 Nf6 2. c4 e6 3. g3 c5 4. d5 d6 5. Bg2 exd5 6. cxd5 g6 7. Nc3 Bg7 8. Nf3 O-O 9. O-O Re8 10. Bf4 h6 11. h4 Ne4 12. Nxe4 Rxe4 13. Qd2 Qf6 14. Bxh6 Qxb2 15. Bxg7 Qxg7 16. Ng5 Re8 17. Qf4 Re5 18. Ne4 Qf8 19. g4 f5 20. Nxc5 fxg4 21. Qd4 Bf5 22. e4 Qg7 23. Nd3 Rxe4 24. Qxg7+ Kxg7 25. Bxe4 Bxe4 26. Nf4 Na6 27. Rfe1 Nc5 28. Ne6+ Nxe6 29. Rxe4 Nc5 30. Rxg4 Kf6 31. Re1 Rh8 32. Rf4+ Kg7 33. Re7+ Kh6 34. Kg2 a5 35. Kg3 b5 36. Kg4 b4 37. Rf6 a4 38. h5 Rg8 39. f4 Nd3 40. Rxd6 b3 41. axb3 axb3 42. Rb7 b2 43. hxg6 Nc5 44. g7+ Kh7 45. Rxb2 Ne4 46. Rh2+ Kxg7 47. Kf3 Nxd6 48. Rg2+ Kf7 49. Ra2 Kf6 50. Ra7 Rd8 51. Ra6 Rd7 52. Rb6 Kf5 53. Ra6 Ne4 54. Ra5 Nd2+ 55. Ke3 Nc4+ 56. Kd4 Nxa5 57. Kc5 Kxf4 58. d6 Ke5 59. Kb6 Nc4+ 60. Kc6 Rxd6+ 61. Kc5 Rd4 62. Kb5 Ne3 0-1


[Site "https://www.chess.com"]

[Event "Titled Tuesday Blitz May 16 Late 2023"]
[White "Przybylski, Wojciech"]
[Black "Camilla_Lee"]
[WhiteFideId "1117599"]
[WhiteElo "2222"]
[BlackElo "2627"]
[Result "1/2-1/2"]
[Round "06"]
[TimeControl "180+2"]
[Date "2023.05.16"]
[WhiteClock "0:00:03"]
[BlackClock "0:00:02"]

1. e4 e5 2. Nf3 Nc6 3. d4 exd4 4. Nxd4 Nf6 5. Nc3 Bb4 6. Nxc6 bxc6 7. Bd3 d5 8. O-O Bxc3 9. bxc3 dxe4 10. Bc4 O-O 11. Qxd8 Rxd8 12. Bf4 Nd5 13. Bxd5 cxd5 14. Bxc7 Rd7 15. Be5 Ba6 16. Rfb1 f6 17. Bd4 Bc4 18. Rb2 a6 19. a4 Kf7 20. Rab1 Rc8 21. h4 h5 22. Be3 Rc6 23. Rb6 Rxb6 24. Rxb6 Be2 25. Bd4 Kg6 26. Kh2 Kf5 27. Kg3 Rd8 28. Rb7 Kg6 29. Kf4 Bd1 30. Rb2 Rc8 31. f3 exf3 32. gxf3 Be2 33. Rb6 Re8 34. Rb1 Bc4 35. Be3 Re5 36. Bd4 Re2 37. Rc1 Rg2 38. Bb6 Kf7 39. Bc5 g5+ 40. hxg5 Rxg5 41. Bf2 Kg6 42. Rb1 Rf5+ 43. Ke3 Re5+ 44. Kf4 Re2 45. Bd4 Re6 46. Rg1+ Kf7 47. Kf5 Re2 48. Rh1 Rxc2 49. Rxh5 Bd3+ 50. Kf4 Ra2 51. Rh6 Bg6 52. Rh8 Rxa4 53. Ra8 Ra2 54. Rd8 Ra5 55. Rd6 Bd3 56. Rxf6+ Ke7 57. Rb6 Ra2 58. Ke5 Bc4 59. Kf4 Re2 60. Bc5+ Kd7 61. Kg5 Rg2+ 62. Kf5 Rg3 63. f4 Rxc3 64. Bd4 Rf3 65. Ke5 Kc7 66. Rh6 Rf1 67. Rh7+ Kc6 68. Rh6+ Kb5 69. Rb6+ Ka4 70. Rb2 Bb3 71. f5 Kb4 72. f6 a5 73. Rh2 Re1+ 74. Kd6 Rf1 75. Be5 d4 76. Rh4 Kc3 77. Rxd4 Kc2 78. Re4 a4 79. Re2+ Kd3 80. Rg2 a3 81. Rg3+ Kc4 82. Rc3+ Kb4 83. Rc8 a2 84. Rb8+ Kc4 85. Rc8+ Kb4 86. Rb8+ Kc4 87. Ra8 Kd3 88. Ra3 Kc2 89. Ke7 Re1 90. Kd6 Rf1 91. Ra7 Kd3 92. Ra3 Kc2 1/2-1/2


[Site "https://www.chess.com"]

[Event "Titled Tuesday Blitz May 16 Late 2023"]
[White "Fishbein, Alexander"]
[Black "Martic, Ivan"]
[WhiteFideId "2000377"]
[BlackFideId "929301"]
[WhiteElo "2415"]
[BlackElo "2360"]
[Result "1-0"]
[Round "06"]
[TimeControl "180+2"]
[Date "2023.05.16"]
[WhiteClock "0:00:35"]
[BlackClock "0:01:39"]

1. e4 c5 2. Nf3 e6 3. d4 cxd4 4. Nxd4 Nc6 5. Nc3 d6 6. Be2 Nf6 7. Be3 Be7 8. O-O O-O 9. f4 a6 10. a4 Qc7 11. Kh1 Re8 12. Bf3 Rb8 13. g4 Nxd4 14. Bxd4 e5 15. fxe5 dxe5 16. Ba7 Ra8 17. g5 Rxa7 18. gxf6 Bxf6 19. Nd5 Qd8 20. Bh5 Be6 21. Nxf6+ gxf6 22. Qe1 b6 23. Rd1 Qe7 24. Rg1+ Kh8 25. Qg3 Qf8 26. a5 bxa5 27. Qf2 Qh6 28. Qxa7 Qxh5 29. Qf2 f5 30. Qg3 Qh6 31. Qxe5+ f6 32. Qxe6 1-0


[Site "https://www.chess.com"]

[Event "Titled Tuesday Blitz May 16 Late 2023"]
[White "Ognean, Mihnea-Ionut"]
[Black "Manukyan, Sargis A."]
[WhiteFideId "1232347"]
[BlackFideId "13303970"]
[WhiteElo "2215"]
[BlackElo "2187"]
[Result "0-1"]
[Round "06"]
[TimeControl "180+2"]
[Date "2023.05.16"]
[WhiteClock "0:01:43"]
[BlackClock "0:02:06"]

1. Nf3 d5 2. d4 Nf6 3. c4 e6 4. e3 Be7 5. b3 O-O 6. Bb2 b6 7. Nc3 Bb7 8. Bd3 Ne4 9. Qc2 f5 10. O-O a6 11. Ne2 g5 12. Ne5 Nd7 13. f3 Nxe5 14. dxe5 Nc5 15. Rad1 Nxd3 16. Qxd3 Qe8 17. cxd5 Bxd5 18. Nc3 Bc6 19. Qc4 Bc5 20. Rfe1 Qe7 21. Na4 Bxa4 22. Qxa4 b5 23. Qa5 Bb4 24. Ba3 Bxa3 25. Rd4 Bc5 26. Rc1 Bxd4 0-1


[Site "https://www.chess.com"]

[Event "Titled Tuesday Blitz May 16 Late 2023"]
[White "Eugene, Floryan"]
[Black "ElDivis"]
[WhiteFideId "20694784"]
[WhiteElo "2369"]
[BlackElo "2488"]
[Result "0-1"]
[Round "06"]
[TimeControl "180+2"]
[Date "2023.05.16"]
[WhiteClock "0:01:03"]
[BlackClock "0:00:30"]

1. e4 c5 2. Nf3 d6 3. c3 Nf6 4. Be2 Nbd7 5. d3 g6 6. O-O Bg7 7. Re1 O-O 8. Bf1 e5 9. a4 Re8 10. Bg5 h6 11. Bxf6 Nxf6 12. c4 Nh5 13. Nc3 Nf4 14. g3 Nh3+ 15. Kg2 Rf8 16. Nd5 f5 17. exf5 Bxf5 18. Ne3 Qd7 19. Re2 e4 20. Ng1 exd3 21. Rd2 Be4+ 22. f3 Rxf3 23. Nxf3 Rf8 24. Bxd3 Bxf3+ 25. Qxf3 Rxf3 26. Kxf3 Ng5+ 27. Kg2 Bd4 28. Nd5 Qh3+ 29. Kh1 Nf3 30. Re2 Ne5 31. Be4 Ng4 32. Rf1 Qxf1# 0-1


[Site "https://www.chess.com"]

[Event "Titled Tuesday Blitz May 16 Late 2023"]
[White "Novik, Maxim"]
[Black "Rottenwohrer Suarez, Juan"]
[WhiteFideId "4102924"]
[BlackFideId "32068182"]
[WhiteElo "2287"]
[BlackElo "2174"]
[Result "1-0"]
[Round "06"]
[TimeControl "180+2"]
[Date "2023.05.16"]
[WhiteClock "0:01:17"]
[BlackClock "0:00:01"]

1. d4 Nf6 2. c4 g6 3. Nc3 Bg7 4. e4 d6 5. Be2 O-O 6. Nf3 e5 7. O-O Nc6 8. d5 Ne7 9. b4 a5 10. Ba3 axb4 11. Bxb4 Nd7 12. a4 h6 13. Nd2 f5 14. a5 fxe4 15. Ndxe4 Nf5 16. c5 Nf6 17. cxd6 cxd6 18. Nxf6+ Bxf6 19. Ne4 Be7 20. Bd2 Kh7 21. Rc1 Nd4 22. Bd3 Bf5 23. f3 Rc8 24. Rxc8 Qxc8 25. Qb1 Qd7 26. Be3 Rg8 27. Bxd4 exd4 28. Qb6 Rc8 29. Rb1 Bd8 30. Qxb7 Rc7 31. Qb5 Bxe4 32. Bxe4 Rc1+ 33. Kf2 Qxb5 34. Rxb5 Ra1 35. Rb7+ Kg8 36. Rb8 1-0


[Site "https://www.chess.com"]

[Event "Titled Tuesday Blitz May 16 Late 2023"]
[White "chess123456s"]
[Black "Kaplan, Avi Harrison"]
[BlackFideId "30934559"]
[WhiteElo "2612"]
[BlackElo "1983"]
[Result "1-0"]
[Round "06"]
[TimeControl "180+2"]
[Date "2023.05.16"]
[WhiteClock "0:00:13"]
[BlackClock "0:00:03"]

1. e4 g6 2. d4 Bg7 3. Nc3 d6 4. f4 Nc6 5. Nf3 Bg4 6. d5 Nd4 7. Be2 Nxe2 8. Qxe2 h5 9. h3 Bd7 10. Be3 c6 11. dxc6 bxc6 12. Bd4 Bxd4 13. Nxd4 Qb6 14. Nb3 Nh6 15. O-O-O a5 16. a4 O-O 17. f5 Rab8 18. f6 exf6 19. Rxd6 Be6 20. Nd5 Qa7 21. Rxc6 Rfc8 22. Rxc8+ Rxc8 23. Nxf6+ Kg7 24. Nd5 Qd7 25. Nb6 Qc7 26. Nxc8 Bxb3 27. Nb6 Be6 28. Nd5 Qc6 29. Kb1 Qxa4 30. Qd3 Ng8 31. Rf1 Kh7 32. Qc3 Qd7 33. Nf6+ Nxf6 34. Qxf6 a4 35. Qc3 Qb5 36. Re1 Kg8 37. Qd3 Qb4 38. Qc3 Qb5 39. Rd1 Kh7 40. g4 h4 41. Qf6 Qc4 42. Qxh4+ Kg7 43. e5 Qa2+ 44. Kc1 Qxb2+ 45. Kxb2 Bc4 46. Qf6+ Kh7 47. Rd8 g5 48. Rh8# 1-0


[Site "https://www.chess.com"]

[Event "Titled Tuesday Blitz May 16 Late 2023"]
[White "Yeritsyan, Hayk"]
[Black "cryptoguru02"]
[WhiteFideId "13307320"]
[WhiteElo "2444"]
[BlackElo "2612"]
[Result "0-1"]
[Round "06"]
[TimeControl "180+2"]
[Date "2023.05.16"]
[WhiteClock "0:00:00"]
[BlackClock "0:00:45"]

1. d4 d5 2. Nf3 c6 3. Bf4 Qb6 4. Qc1 Bf5 5. e3 e6 6. c4 Bxb1 7. Qxb1 Bb4+ 8. Kd1 dxc4 9. Bxc4 Nf6 10. a3 Be7 11. Ke2 a5 12. Rd1 Nbd7 13. Kf1 O-O 14. Kg1 c5 15. Ne5 cxd4 16. Nxd7 Nxd7 17. Rxd4 Rfd8 18. Bg3 Nc5 19. Rxd8+ Rxd8 20. Qc2 Bf6 21. Rb1 h5 22. h4 a4 23. Bf1 Qc6 24. Rc1 Nb3 25. Qxc6 bxc6 26. Rxc6 Bxb2 27. Ra6 Nc5 28. Ra5 Bxa3 29. Kh2 Rc8 30. Bb5 Bb4 31. Ra7 a3 32. Bd6 g6 33. Bxc5 Bxc5 34. Ra6 Rb8 35. Bd3 Rb2 36. Kg3 Kg7 0-1


[Site "https://www.chess.com"]

[Event "Titled Tuesday Blitz May 16 Late 2023"]
[White "Tomiello, Lucas Costamilan"]
[Black "QuiesPrecatio"]
[WhiteFideId "22701940"]
[WhiteElo "2085"]
[BlackElo "2403"]
[Result "0-1"]
[Round "06"]
[TimeControl "180+2"]
[Date "2023.05.16"]
[WhiteClock "0:00:15"]
[BlackClock "0:00:04"]

1. e4 c6 2. d4 d5 3. Nc3 dxe4 4. Nxe4 Bf5 5. Ng3 Bg6 6. h4 h6 7. Nf3 Nd7 8. h5 Bh7 9. Bd3 Bxd3 10. Qxd3 e6 11. Bd2 Ngf6 12. O-O-O Be7 13. Ne4 Nxe4 14. Qxe4 Nf6 15. Qe2 Qd5 16. c4 Qe4 17. Qxe4 Nxe4 18. Be3 f5 19. g3 Bf6 20. Kc2 O-O 21. Ne5 Rfd8 22. Ng6 b5 23. b3 a5 24. a4 bxa4 25. bxa4 Rab8 26. Rb1 c5 27. dxc5 Nc3 28. Rb6 Nxa4 29. Rb5 Ra8 30. Kb3 Nc3 31. Rb7 Rdb8 32. Rxb8+ Rxb8+ 33. Kc2 a4 34. Ra1 Rb4 35. Kd3 Ne4 36. Rd1 Rb3+ 37. Kc2 Rc3+ 38. Kb1 Rxc4 39. Rd7 Rb4+ 40. Kc2 Rb2+ 41. Kd1 Rb8 42. c6 Rc8 43. c7 a3 44. Bd4 a2 45. Bxf6 Nxf6 46. Rd8+ Kf7 47. Rxc8 a1=Q+ 48. Ke2 Qa6+ 49. Kf3 Qxc8 50. Ne5+ Ke7 51. Ng6+ Kd6 52. Ne5 Kxe5 53. Kg2 Qb7+ 54. f3 Qxc7 55. Kf2 Qc2+ 56. Ke3 Nd5# 0-1


[Site "https://www.chess.com"]

[Event "Titled Tuesday Blitz May 16 Late 2023"]
[White "Buchenau, Frank"]
[Black "Melikyan, Gnel"]
[WhiteFideId "4604350"]
[BlackFideId "54109990"]
[WhiteElo "2157"]
[BlackElo "2138"]
[Result "1/2-1/2"]
[Round "06"]
[TimeControl "180+2"]
[Date "2023.05.16"]
[WhiteClock "0:00:18"]
[BlackClock "0:00:24"]

1. e4 f6 2. d4 d6 3. f4 e6 4. Nf3 Nc6 5. Be2 Be7 6. c4 Nh6 7. Nc3 Nf7 8. O-O O-O 9. Be3 Re8 10. Qd2 Bf8 11. Rad1 b6 12. d5 exd5 13. cxd5 Ne7 14. Bb5 Bd7 15. Nd4 a6 16. Bxd7 Qxd7 17. Qd3 b5 18. Rc1 Rac8 19. Rfd1 c5 20. dxc6 Nxc6 21. Nd5 Nxd4 22. Bxd4 Rxc1 23. Rxc1 Rc8 24. Rc3 Rxc3 25. Bxc3 Qe6 26. h3 Nd8 27. f5 Qc8 28. Qg3 Kf7 29. Qf3 Nc6 30. Qh5+ Kg8 31. Bxf6 gxf6 32. Nxf6+ Kg7 33. Ne8+ Kh8 34. Qf7 Bh6 35. Nf6 Bg7 36. Ne8 Bh6 37. Nf6 Bg7 38. Ne8 Bh6 1/2-1/2


[Site "https://www.chess.com"]

[Event "Titled Tuesday Blitz May 16 Late 2023"]
[White "Rodriguez Santiago, Jaime"]
[Black "Tarlabasi, Emirhan"]
[WhiteFideId "3100898"]
[BlackFideId "6350275"]
[WhiteElo "2025"]
[BlackElo "2200"]
[Result "1-0"]
[Round "06"]
[TimeControl "180+2"]
[Date "2023.05.16"]
[WhiteClock "0:00:27"]
[BlackClock "0:00:00"]

1. c4 c5 2. Nc3 Nc6 3. g3 g6 4. Bg2 Bg7 5. e4 d6 6. Nge2 Nf6 7. d3 O-O 8. O-O e6 9. h3 a6 10. a4 Nd7 11. Be3 Rb8 12. Rb1 b6 13. Qd2 Re8 14. Bh6 Bh8 15. f4 Bb7 16. Kh2 Qe7 17. g4 Nd4 18. Nxd4 cxd4 19. Ne2 f5 20. gxf5 exf5 21. Ng3 fxe4 22. Nxe4 Bg7 23. Bxg7 Kxg7 24. f5 Bxe4 25. Bxe4 Nf6 26. Rbe1 Nxe4 27. Rxe4 Qf6 28. Ref4 g5 29. Rg4 h6 30. h4 Re3 31. Qg2 Qe5+ 32. Kh1 Re2 33. Qh3 Re3 34. Qh2 Qxh2+ 35. Kxh2 Kf6 36. Rxd4 Re2+ 37. Kg3 gxh4+ 38. Kxh4 Rxb2 39. Rxd6+ Ke5 40. Re6+ Kd4 41. f6 Rg8 42. f7 Rbg2 43. Rf3 R8g4+ 44. Kh5 Rg5+ 45. Kxh6 1-0


[Site "https://www.chess.com"]